AoeStats
← Aikulysses

QS Arena

503559936Analyzed
4v4 RM · 1mo ago on Sep 1, 2026· 48m 54s· 8 players
Game mode
Random Map
Map size
Large (8 player)
Population
200
Speed
Normal
Resources
Standard
Victory
Conquest
Starting age
Dark Age
Ending age
Imperial Age
RankedLock teamsTeams togetherTeam positionsShared explorationLock speedFull tech treeHidden civsTurbo modeCheats
Victory
Defeat
🇨🇦 Romans · Canada
893
+13
🇺🇸 Japanese · United States
841
+16
🇺🇸 Bohemians · United States
830
+16
🇨🇳 Turks · China
785
+18
🇫🇷 Byzantines · France
877
-18
🇵🇭 Burgundians · Philippines
866
-37
🇵🇭 Italians · Philippines
833
-41
🇪🇸 Goths · Spain
757
-12
TocTheYoungr
2:09 Loom
8:32 Feudal Age
10:53 Wheelbarrow
14:09 Castle Age
12:40 Double-Bit Axe
12:48 Horse Collar
14:28 Gold Mining
17:08 Bow Saw
24:34 Imperial Age
22:43 Heavy Plow
23:18 Scale Mail Armor
24:41 Chain Mail Armor
25:32 Yasama
25:25 Arson
25:26 Gambesons
25:42 Squires
26:38 Forging
27:05 Treadmill Crane
28:58 Hand Cart
29:40 Conscription
30:54 Plate Mail Armor
33:33 Iron Casting
35:02 Ballistics
34:29 Arrowslits
35:45 Chemistry
36:30 Fortified Wall
37:55 Blast Furnace
37:14 Elite Samurai
38:40 Fletching
40:42 Two-Man Saw
39:55 Bodkin Arrow
41:08 Stone Mining
41:01 Elite Samurai
44:56 Kataparuto
44:54 Siege Engineers
45:50 Chemistry
45:21 Bracer
45:38 Masonry
45:22 Guard Tower
48:10 Crossbowman
Animal Mother
9:20 Feudal Age
15:47 Castle Age
13:34 Loom
19:45 Elite Skirmisher
19:45 Crossbowman
20:23 Fletching
20:40 Scale Mail Armor
21:12 Horse Collar
21:20 Double-Bit Axe
22:34 Padded Archer Armor
22:47 Forging
22:49 Pikeman
23:29 Squires
23:21 Arson
26:39 Leather Archer Armor
26:19 Bodkin Arrow
26:41 Chain Mail Armor
27:01 Iron Casting
32:39 Chemistry
32:00 Ballistics
34:14 Imperial Age
35:12 Iron Casting
34:25 Arbalester
35:55 Halberdier
40:22 Arrowslits
41:52 Ring Archer Armor
45:33 Conscription
45:20 Wagenburg Tactics
Kirito Wizard
5:54 Loom
7:40 Feudal Age
12:39 Castle Age
11:22 Double-Bit Axe
11:22 Horse Collar
11:52 Scale Mail Armor
12:10 Gold Mining
13:53 Chain Mail Armor
14:44 Man-at-Arms
17:06 Bow Saw
17:05 Squires
18:34 Long Swordsman
19:20 Pikeman
20:14 Forging
24:01 Iron Casting
26:49 Wheelbarrow
26:00 Town Watch
28:48 Hand Cart
28:33 Town Patrol
31:17 Scale Barding Armor
34:12 Imperial Age
35:14 Ballistics
35:58 Chemistry
36:02 Ballistas
36:18 Conscription
36:25 Murder Holes
36:43 Fortified Wall
36:56 Siege Engineers
37:38 Heavy Scorpion
38:16 Capped Ram
38:33 Halberdier
40:08 Siege Ram
41:17 Legionary
47:25 Onager
JiFa
8:46 Feudal Age
7:50 Loom
9:25 Double-Bit Axe
9:23 Horse Collar
17:45 Castle Age
15:52 Gold Mining
15:54 Stone Mining
19:29 Bow Saw
21:32 Heavy Plow
22:09 Gold Shaft Mining
24:54 Fletching
25:04 Padded Archer Armor
28:58 Imperial Age
27:58 Squires
28:58 Leather Archer Armor
29:54 Artillery
31:11 Conscription
30:36 Capped Ram
32:37 Elite Janissary
46:20 Ring Archer Armor
Bélisaire
0:29 Loom
12:28 Feudal Age
18:33 Castle Age
17:15 Horse Collar
17:27 Gold Mining
17:31 Stone Mining
17:54 Double-Bit Axe
20:11 Bow Saw
20:03 Heavy Plow
21:28 Gold Shaft Mining
22:10 Caravan
23:37 Stone Shaft Mining
27:21 Imperial Age
25:48 Scale Barding Armor
25:54 Forging
25:46 Husbandry
27:45 Capped Ram
29:25 Squires
29:54 Arson
31:37 Iron Casting
33:15 Elite Skirmisher
34:35 Fletching
37:09 Bodkin Arrow
40:45 Scale Mail Armor
46:38 Chemistry
DavinHo_Abascal_
9:06 Feudal Age
13:03 Castle Age
11:04 Double-Bit Axe
12:01 Stone Mining
11:56 Horse Collar
18:38 Fervor
22:01 Heavy Plow
23:01 Wheelbarrow
22:47 Gold Mining
26:58 Bow Saw
26:34 Man-at-Arms
26:35 Pikeman
27:16 Squires
27:19 Scale Mail Armor
27:29 Forging
27:10 Fletching
29:20 Hand Cart
32:07 Imperial Age
30:19 Anarchy
31:13 Chain Mail Armor
31:34 Iron Casting
30:55 Bodkin Arrow
31:15 Loom
31:16 Town Watch
33:00 Perfusion
34:10 Blast Furnace
32:41 Halberdier
34:48 Bracer
34:48 Padded Archer Armor
34:49 Elite Huskarl
45:04 Crop Rotation
45:40 Two-Man Saw
Aikulysses
0:35 Loom
8:18 Feudal Age
7:10 Double-Bit Axe
9:21 Wheelbarrow
9:20 Horse Collar
10:08 Heavy Plow
10:35 Bow Saw
16:45 Castle Age
15:49 Gold Mining
17:40 Crossbowman
18:08 Pikeman
20:07 Fletching
20:21 Scale Mail Armor
23:14 Gold Shaft Mining
23:24 Wheelbarrow
28:15 Forging
36:00 Cavalier
37:27 Crop Rotation
38:11 Squires
39:15 Two-Man Saw
39:52 Iron Casting
39:32 Chain Mail Armor
39:24 Scale Barding Armor
39:48 Elite Skirmisher
42:23 Chain Barding Armor
43:10 Murder Holes
46:10 Imperial Age
43:58 Husbandry
44:12 Padded Archer Armor
45:16 Bodkin Arrow
46:09 Hand Cart
46:33 Treadmill Crane
49:12 Blast Furnace
48:47 Plate Barding Armor
48:12 Bracer
CBGT
2:36 Loom
8:41 Feudal Age
16:49 Castle Age
15:08 Horse Collar
15:16 Double-Bit Axe
15:32 Fletching
18:28 Wheelbarrow
17:30 Crossbowman
18:44 Town Watch
19:08 Bodkin Arrow
22:19 Padded Archer Armor
23:05 Squires
24:02 Bow Saw
24:32 Ballistics
25:08 Thumb Ring
28:44 Hand Cart
28:29 Town Patrol
30:39 Light Cavalry
31:30 Bloodlines
31:20 Husbandry
31:59 Husbandry
38:36 Imperial Age
37:35 Murder Holes
37:51 Masonry
37:24 Treadmill Crane
37:40 Murder Holes
37:55 Masonry
38:03 Leather Archer Armor
38:00 Forging
37:56 Scale Barding Armor
38:44 Cavalier
40:10 Arbalester
41:33 Conscription
42:09 Arson
42:29 Bracer
43:04 Iron Casting
43:14 Stone Mining
43:14 Gold Mining
43:30 Scale Mail Armor
44:00 Ring Archer Armor
44:03 Guilds
47:06 Man-at-Arms
Connection lost

Rejoining the realm…

Still unreachable

The connection could not be restored.

Session expired

The server has moved on; the page needs a fresh start.